 Dungeon Crawl Stone Soup version 0.30-a0-760-g5a9884bb7c (webtiles) character file.

Game seed: 11524902796538758095

53 theblackgale the Insei (level 3, 0/28 HPs)
             Began as a Gnoll Transmuter on Feb 10, 2023.
             Slain by a rat (1 damage)
             ... on level 3 of the Dungeon.
             The game lasted 00:06:04 (686 turns).

theblackgale the Insei (Gnoll Transmuter)            Turns: 686, Time: 00:06:05

Health: 0/28       AC:  2    Str: 11    XL:     3   Next: 89%
Magic:  9/9        EV: 13    Int: 12    God:
Gold:   77         SH:  0    Dex: 12    Spells: 11/12 levels left

rFire   . . .      SeeInvis .      - Unarmed
rCold   . . .      Faith    .    (no shield)
rNeg    . . .      Spirit   .    a - +0 robe
rPois   .          Reflect  .    (no helmet)
rElec   .          Harm     .    (no cloak)
rCorr   .          Rampage  .    (no gloves)
Will    .....                    (no boots)
Stlth   ++                       (no amulet)
HPRegen 0.24/turn                (no ring)
MPRegen 0.11/turn                (no ring)

@: lethally poisoned (0 -> -8)
A: fangs 1, strong nose, distributed training
a: no special abilities


You were on level 3 of the Dungeon.
You visited 1 branch of the dungeon, and saw 3 of its levels.

You collected 77 gold pieces.

Inventory:

Missiles
 e - a poisoned dart (quivered)
Armour
 a - a +0 robe (worn)
Scrolls
 c - 3 scrolls of immolation
 d - a scroll of teleportation {unknown}
 g - a scroll of silence {unknown}
Potions
 b - a potion of lignification


   Skills:
 + Level 2.7 Fighting
 + Level 1.0 Short Blades
 + Level 1.0 Long Blades
 + Level 1.0 Axes
 + Level 1.0 Maces & Flails
 + Level 1.0 Polearms
 + Level 1.0 Staves
 + Level 1.0 Ranged Weapons
 + Level 1.0 Throwing
 + Level 1.0 Armour
 + Level 4.6 Dodging
 + Level 1.0 Stealth
 + Level 1.0 Shields
 + Level 6.5 Unarmed Combat
 + Level 5.0 Spellcasting
 + Level 0.7 Conjurations
 + Level 0.7 Hexes
 + Level 0.7 Summonings
 + Level 0.7 Necromancy
 + Level 0.7 Translocations
 + Level 3.8 Transmutations
 + Level 0.7 Fire Magic
 + Level 0.7 Ice Magic
 + Level 0.7 Air Magic
 + Level 0.7 Earth Magic
 + Level 0.7 Poison Magic
 + Level 1.1 Invocations
 + Level 1.0 Evocations


You had 11 spell levels left.
You knew the following spells:

 Your Spells              Type           Power      Damage    Failure   Level
a - Beastly Appendage     Tmut           24%        N/A       4%          1

Your spell library contained the following spells:

 Spells                   Type           Power      Damage    Failure   Level
 Wereblood                Tmut           12%        N/A       6%          2
 Spider Form              Tmut/Pois      8%         N/A       24%         3
 Ice Form                 Ice/Tmut       8%         N/A       61%         4


Dungeon Overview and Level Annotations

Branches:
Dungeon (3/15)

Altars:


Innate Abilities, Weirdness & Mutations

You have very sharp teeth.
Your uncanny sense of smell can sniff out nearby items.
Your experience applies equally to all skills.


Message History

* * * LOW HITPOINT WARNING * * *
A rat comes into view.
You completely miss the worm.
The worm is moderately wounded.
The worm closely misses you.
You punch the worm!
The worm is severely wounded.
An orc comes into view.
It is wielding a +0 hand axe and quivering poisoned darts.
You see here a poisoned dart.
The orc shouts!
You hear a shout!
The orc throws a poisoned dart.
The poisoned dart barely misses you. The rat bites you but does no damage.
You see here a poisoned dart.
You see here a poisoned dart.
Found a ruby potion.
The worm looks more healthy.
The orc hits you with a +0 hand axe.
* * * LOW HITPOINT WARNING * * *
The rat attacks as you move away! The rat bites you.
* * * LOW HITPOINT WARNING * * *
Found a leather armour.
The orc throws a poisoned dart.
The poisoned dart closely misses you.
A kobold comes into view. It is wielding a +0 whip.
The orc throws a poisoned dart.
The poisoned dart closely misses you.
The kobold throws a stone.
The stone barely misses you. The rat attacks as you move away!
The rat misses you.
The kobold throws a stone.
The stone completely misses you.
The stone closely misses the rat.
The kobold throws a stone.
The stone closely misses you.
The orc throws a poisoned dart.
The poisoned dart closely misses you.
You see here a ruby potion.
The kobold throws a stone.
The stone hits you but does no damage.
The orc throws a poisoned dart.
The poisoned dart hits you!
You are lethally poisoned!
The rat attacks as you move away! The rat bites you.
* * * LOW HITPOINT WARNING * * *
The kobold attacks as you move away! The kobold closely misses you.
* * * LOW HITPOINT WARNING * * *
You feel very sick. The rat attacks as you move away! The rat bites you.
You die...

#.................)
#...........(.(((..
###..................
..............#....#
##............###...
#.......o.w.........
#.............###...
#...r.........# #...
#..@K.!.......# #...
∆ #...[.........#
#.#...#.....#.#
#.#...#......... #
#...#..........
#####..........
#.....#.## #.....#.#


You could see a worm, an orc, a kobold and a rat.

Vanquished Creatures
  4 adders (D:3)
  5 endoplasms
  A goblin (D:3)
  4 hobgoblins (D:1)
  A quokka (D:1)
  A bat (D:3)
  A frilled lizard (D:3)
  A kobold (D:3)
18 creatures vanquished.

Notes
Turn   | Place    | Note
-------+----------+-------------------------------------------
     0 | D:1      | theblackgale the Gnoll Transmuter began the quest for the
                  | Orb.
     0 | D:1      | Reached XP level 1. HP: 17/17 MP: 6/6
   168 | D:1      | Reached XP level 2. HP: 17/23 MP: 5/7
   566 | D:3      | Reached skill level 5 in Spellcasting
   566 | D:3      | Reached XP level 3. HP: 23/28 MP: 5/9
   578 | D:3      | Reached skill level 1 in Invocations
   667 | D:3      | Reached skill level 1 in Short Blades
   667 | D:3      | Reached skill level 1 in Long Blades
   667 | D:3      | Reached skill level 1 in Axes
   667 | D:3      | Reached skill level 1 in Maces & Flails
   667 | D:3      | Reached skill level 1 in Polearms
   667 | D:3      | Reached skill level 1 in Staves
   667 | D:3      | Reached skill level 1 in Ranged Weapons
   667 | D:3      | Reached skill level 1 in Throwing
   667 | D:3      | Reached skill level 1 in Armour
   667 | D:3      | Reached skill level 1 in Stealth
   667 | D:3      | Reached skill level 1 in Shields
   667 | D:3      | Reached skill level 1 in Evocations
   685 | D:3      | HP: 1/28 [poisoned by an orc]
   686 | D:3      | Slain by a rat

Illustrated notes

Levels and vault maps discovered:
D:1:      wander_arrival_chamber, layout_basic
D:2:      layout_basic, hellmonk_ecumenical_altar_pennies_from_heaven,
          reono_crystal_passage, minivault_14, uniq_terence
D:3:      layout_basic, uniq_natasha

Skill      XL: |  1  2  3 |
---------------+----------+-----
Spellcasting   | 5 |  5.0
Invocations    | 1 |  1.1
Short Blades   | 1 |  1.0
Long Blades    | 1 |  1.0
Axes           | 1 |  1.0
Maces & Flails | 1 |  1.0
Polearms       | 1 |  1.0
Staves         | 1 |  1.0
Ranged Weapons | 1 |  1.0
Throwing       | 1 |  1.0
Armour         | 1 |  1.0
Stealth        | 1 |  1.0
Shields        | 1 |  1.0
Evocations     | 1 |  1.0
Fighting       | |  2.7
Dodging        | |  4.6
Unarmed Combat | |  6.5
Conjurations   | |  0.7
Hexes          | |  0.7
Summonings     | |  0.7
Necromancy     | |  0.7
Translocations | |  0.7
Transmutations | |  3.8
Fire Magic     | |  0.7
Ice Magic      | |  0.7
Air Magic      | |  0.7
Earth Magic    | |  0.7
Poison Magic   | |  0.7

Action                     || total
---------------------------++-------
  Melee: Unarmed           ||    47
         Kick              ||     7
         Bite              ||     2
  Throw: Dart              ||    12
   Cast: Beastly Appendage ||    11
    Use: Scroll            ||     1
         Potion            ||     1
   Stab: Sleeping          ||     1
 Armour: Robe              ||     6
  Dodge: Dodged            ||    33

Table legend: (Time is in decaauts)
 A = Elapsed time spent in this place.
 B = Non-inter-level travel time spent in this place.
 C = Inter-level travel time spent in this place.
 D = Time resting spent in this place.
 E = Time spent auto-exploring this place.
 F = Levels seen in this place.
 G = Mean time per level.
                   A        B        C        D        E       F      G
               +--------+--------+--------+--------+--------+-----+--------+
         Total |    679 |    172 |    507 |      0 |      0 |   3 |  226.3 |
       Dungeon |    679 |    172 |    507 |      0 |      0 |   3 |  226.3 |
               +--------+--------+--------+--------+--------+-----+--------+

Top non-repeatable levels by time:
     D:1: 325 daAuts
     D:3: 284 daAuts
     D:2: 69 daAuts
